 Dungeon Crawl Stone Soup version 0.24-a0-537-g2d01d4ab0a (webtiles) character file.

Game seed: 10388912924593543912

7646 Gynju the Covert (level 10, -5/44 HPs)
             Began as a Spriggan Enchanter on Aug 14, 2019.
             Was a Priest of Kikubaaqudgha.
             Slain by a six-headed hydra (12 damage)
             ... on level 10 of the Dungeon.
             The game lasted 00:24:13 (15138 turns).

Gynju the Covert (Spriggan Enchanter)              Turns: 15138, Time: 00:24:13

Health: -5/44      AC:  4    Str: 11    XL:     10   Next: 99%
Magic:  0/23       EV: 18    Int: 24    God:    Kikubaaqudgha [***...]
Gold:   114        SH:  6    Dex: 16    Spells: 14/26 levels left

rFire    . . .     SeeInvis +   E - +5 dagger
rCold    + . .     Gourm    .   c - +0 buckler
rNeg     . . .     Faith    .   M - +1 robe of the Iron City of Dis {rElec Str+4 Int+3}
rPois    .         Spirit   +   z - +1 hat
rElec    +         Reflect  .   (no cloak)
rCorr    .         Harm     .   (gloves unavailable)
MR       +....                  (boots unavailable)
Stlth    +++++.....             q - amulet of guardian spirit
HPRegen  0.14/turn              r - ring of protection from cold
MPRegen  0.18/turn              J - +3 ring of strength

@: very quick
A: very small, unfitting armour, see invisible, herbivore, speed 3, slow
metabolism 2
a: Receive Corpses, Renounce Religion


You were on level 10 of the Dungeon.
You worshipped Kikubaaqudgha.
Kikubaaqudgha was most pleased with you.
You were not hungry.

You visited 2 branches of the dungeon, and saw 11 of its levels.

You collected 492 gold pieces.
You spent 378 gold pieces at shops.

Inventory:

Hand Weapons
 E - a +5 dagger (weapon)
Missiles
 j - 36 poisoned darts (quivered)
 p - 7 datura-tipped darts
 y - 8 curare-tipped darts
Armour
 c - a +0 buckler (worn)
 z - a +1 hat (worn)
 M - the +1 robe of the Iron City of Dis (worn) {rElec Str+4 Int+3}
   (You bought it in a shop on level 5 of the Dungeon)

   It affects your strength (+4).
   It affects your intelligence (+3).
   It insulates you from electricity.
Jewellery
 q - an amulet of guardian spirit (around neck)
 r - a ring of protection from cold (left hand)
 J - a +3 ring of strength (right hand)
Wands
 u - a wand of acid (18)
 C - a wand of digging (5)
 H - a wand of random effects (24)
 K - a wand of flame (6)
Scrolls
 a - 3 scrolls of teleportation
 f - 2 scrolls of enchant armour
 g - 3 scrolls of immolation
 l - 7 scrolls of remove curse
 t - 4 scrolls of fog
 w - a scroll of fear
 I - 4 scrolls of identify
Potions
 e - 6 potions of degeneration
 h - 8 potions of curing
 i - 3 potions of haste
 k - 2 potions of invisibility
 n - 2 potions of might
 o - a potion of lignification
 s - 3 potions of ambrosia
 v - 4 potions of flight
 x - a potion of brilliance {unknown}
 A - 3 potions of magic {unknown}
 B - a potion of heal wounds {unknown}
 D - a potion of resistance {unknown}
 F - 2 potions of agility
 G - 2 potions of mutation {unknown}
Comestibles
 d - 20 rations


   Skills:
 - Level 1.1 Short Blades
 - Level 3.0 Dodging
 + Level 12.5 Stealth
 * Level 3.0 Shields
 + Level 8.7 Spellcasting
 - Level 11.9 Hexes
 * Level 7.4 Necromancy
 * Level 0.1 Ice Magic


You had 14 spell levels left.
You knew the following spells:

 Your Spells              Type           Power        Failure   Level  Hunger
a - Corona                Hex            ######.      1%          1    None
b - Ensorcelled Hibernat  Hex/Ice        #####.       1%          2    None
c - Tukima's Dance        Hex            ######..     1%          3    None
d - Confuse               Hex            ######..     1%          3    None
e - Vampiric Draining     Necr           #####.....   1%          3    None

Your spell library contained the following spells:

 Spells                   Type           Power        Failure   Level  Hunger
 Animate Skeleton         Necr           N/A          1%          1    None
 Confusing Touch          Hex            ######       1%          1    None
 Pain                     Necr           ####         1%          1    None
 Slow                     Hex            ######..     1%          2    None
 Sublimation of Blood     Necr           #####.....   1%          2    None
 Dazzling Spray           Conj/Hex       #####.       1%          3    None
 Inner Flame              Hex/Fire       #####...     1%          3    None
 Portal Projectile        Hex/Tloc       #####.       1%          3    None
 Cause Fear               Hex            ######....   1%          4    ##.....
 Animate Dead             Necr           N/A          3%          4    ##.....
 Regeneration             Chrm/Necr      ####......   5%          3    None
 Leda's Liquefaction      Hex/Erth       #####.....   7%          4    ##.....
 Agony                    Necr           #####...     11%         5    ####...
 Dispel Undead            Necr           #####...     11%         5    ####...
 Metabolic Englaciation   Hex/Ice        #####.....   19%         5    ####...
 Yara's Violent Unravell  Hex/Tmut       #####.....   19%         5    ####...
 Gell's Gravitas          Tloc           ##........   24%         3    None
 Excruciating Wounds      Chrm/Necr      ####......   43%         5    ####...
 Death Channel            Necr           #####.....   50%         6    ######.
 Petrify                  Tmut/Erth      ##......     61%         4    ##.....
 Simulacrum               Ice/Necr       ####......   95%         6    ######.


Dungeon Overview and Level Annotations

Branches:
Dungeon (10/15)            Temple (1/1) D:5
   Lair: D:8-11         Orc: D:9-12

Altars:
Ashenzari
Cheibriados
Dithmenos
Elyvilon
Fedhas
Gozag
Hepliaklqana
Kikubaaqudgha
Makhleb
Nemelex Xobeh
Okawaru
Qazlal
Ru
Sif Muna
Trog
Uskayaw
Vehumet
Wu Jian
Xom
Yredelemnul
Zin
The Shining One

Shops:
D:5 [

Annotations:
D:2 Terence
D:9 exclusion: ice statue


Innate Abilities, Weirdness & Mutations

You are very small and have problems with some larger weapons.
You are too small for most types of armour.
You have supernaturally acute eyesight. (SInv)
You are a herbivore.
You cover ground extremely quickly.
You need to consume almost no food.


Message History

HP restored.
You climb downwards.
There is a stone staircase leading up here.
Casting: Confuse (safe; 1% risk of failure)
Confirm with . or Enter, or press ? or * to list all spells.
Aiming: Ensorcelled Hibernation (safe; 1% risk of failure)
Press: ? - help, Shift-Dir - straight line, f - six-headed hydra
Aim: a six-headed hydra (chance to defeat MR: 32%)
The six-headed hydra looks drowsy...
The six-headed hydra roars!
The six-headed hydra bites you but does no damage.
The six-headed hydra bites you! x2; The six-headed hydra bites you.
The six-headed hydra bites you! The six-headed hydra bites you.
You puncture the six-headed hydra!
The six-headed hydra is lightly wounded.
The six-headed hydra bites you!
* * * LOW HITPOINT WARNING * * *
The six-headed hydra bites you!
You die...
Kikubaaqudgha rasps: "You have failed me!
Welcome... death!"

.....#......†.....#..#
.....#............#..#
.....#.......######..#
..####..######....#..#
....D...#.........#..#
........#.........#..#
........######....#..#
.....................#
............†.<.@D...#
###################..#
#..# ####


You could see a six-headed hydra.

Vanquished Creatures
  Pikel (D:5)
  Joseph (D:7)
  5 gargoyles (D:8)
  Prince Ribbit (D:7)
  3 hippogriffs (D:7)
  5 yaks (D:9)
  A hungry ghost (D:9)
  A water moccasin (D:8)
  An ice beast (D:7)
  An orc warrior (D:5)
  3 sky beasts
  A black bear (D:7)
  8 ogres
  A centaur (D:5)
  A big kobold (D:7)
  6 bullfrogs
  A water moccasin skeleton (D:4)
  2 scorpions (D:9)
  3 howler monkeys
  4 crimson imps
  2 jellies
  6 hounds
  3 orc priests
  12 orc wizards
  4 iguanas
  5 worker ants
  2 hound zombies
  A worker ant zombie (D:8)
  3 gnolls (D:4)
  A howler monkey skeleton (D:6)
  7 adders
  A shadow imp (D:7)
  An ooze (D:4)
  2 worms (D:3)
  3 dart slugs
  5 leopard geckos
  28 orcs
  7 bats
  10 giant cockroaches
  5 goblins
  9 hobgoblins
  20 jackals
  5 quokkas
  A ball python (D:4)
  7 frilled lizards
  A jackal skeleton (D:5)
  12 kobolds
  2 leopard gecko zombies
  7 rats
222 creatures vanquished.

Vanquished Creatures (collateral kills)
  Harold (D:8)
  4 orcs
  A kobold (D:7)
6 creatures vanquished.

Vanquished Creatures (others)
  A dancing weapon (D:6)
  An orc wizard (D:6)
  A centaur skeleton (D:6)
3 creatures vanquished.

Grand Total: 231 creatures vanquished

Notes
Turn   | Place    | Note
-------+----------+-------------------------------------------
     0 | D:1      | Gynju the Spriggan Enchanter began the quest for the Orb.
     0 | D:1      | Reached XP level 1. HP: 9/9 MP: 5/5
   120 | D:1      | Reached XP level 2. HP: 10/13 MP: 6/6
   124 | D:1      | Learned a level 2 spell: Ensorcelled Hibernation
   307 | D:1      | Reached skill level 5 in Stealth
  1308 | D:1      | Reached XP level 3. HP: 16/16 MP: 8/8
  2663 | D:2      | Noticed Terence
  2698 | D:2      | Learned a level 3 spell: Tukima's Dance
  2782 | D:2      | Found an iron altar of Okawaru.
  2977 | D:2      | Reached XP level 4. HP: 21/21 MP: 10/10
  2982 | D:2      | Learned a level 3 spell: Confuse
  3190 | D:2      | Found a burning altar of Makhleb.
  3326 | D:3      | Reached skill level 6 in Stealth
  3388 | D:3      | Found a hide-covered altar of Uskayaw.
  3532 | D:3      | Found a shadowy altar of Dithmenos.
  3873 | D:3      | Found a snail-covered altar of Cheibriados.
  3878 | D:3      | Reached skill level 5 in Hexes
  4348 | D:4      | You fall into a shaft and drop 1 floor!
  4348 | D:5      | Entered Level 5 of the Dungeon
  4470 | D:4      | Reached XP level 5. HP: 16/24 MP: 2/11
  4751 | D:3      | Reached skill level 7 in Stealth
  4892 | D:4      | Found a blossoming altar of Fedhas.
  4918 | D:4      | Found a bloodstained altar of Trog.
  5138 | D:4      | Reached XP level 6. HP: 28/28 MP: 10/13
  5261 | D:4      | Reached skill level 8 in Stealth
  5430 | D:4      | Reached XP level 7. HP: 32/32 MP: 0/15
  5775 | D:4      | Found a shimmering altar of Xom.
  6060 | D:4      | Reached skill level 9 in Stealth
  6369 | D:5      | Reached skill level 5 in Spellcasting
  7039 | D:5      | Found Fycselom's Armour Shoppe.
  7074 | D:5      | Found a staircase to the Ecumenical Temple.
  7154 | Temple   | Entered the Ecumenical Temple
  7159 | Temple   | Became a worshipper of Kikubaaqudgha
  7237 | D:5      | Reached skill level 1 in Necromancy
  7420 | D:6      | Noticed Pikel
  7424 | D:5      | Killed Pikel
  7424 | D:5      | Reached skill level 10 in Stealth
  7424 | D:5      | Reached XP level 8. HP: 36/36 MP: 11/18
  8092 | D:6      | Found a sparkling altar of Nemelex Xobeh.
  8224 | D:7      | Noticed a hippogriff
  8233 | D:7      | Killed a hippogriff
  8292 | D:7      | Noticed Joseph
  8401 | D:7      | Noticed a hippogriff
  8410 | D:7      | Killed a hippogriff
  8410 | D:7      | Reached * piety under Kikubaaqudgha
  8410 | D:7      | Identified Kikubaaqudgha's Collected Works on Evil
                  | (Kikubaaqudgha gifted it to you on level 7 of the Dungeon)
  8410 | D:7      | Received a gift from Kikubaaqudgha
  8410 | D:7      | Reached XP level 9. HP: 21/39 MP: 3/19
  8943 | D:7      | Noticed Prince Ribbit
  8950 | D:7      | Killed Prince Ribbit
  9147 | D:7      | Reached skill level 11 in Stealth
  9258 | D:7      | Found a white marble altar of Elyvilon.
 10059 | D:7      | Reached skill level 10 in Hexes
 10143 | D:7      | Killed Joseph
 10143 | D:7      | Reached skill level 5 in Necromancy
 11081 | D:8      | Noticed Harold
 11096 | D:8      | HP: 1/39 [Harold/+2 dire flail of protection (17)]
 11773 | D:8      | Killed Harold
 11773 | D:8      | Reached XP level 10. HP: 44/44 MP: 8/22
 11964 | D:8      | Reached ** piety under Kikubaaqudgha
 11993 | D:8      | Noticed a gargoyle
 11995 | D:8      | Killed a gargoyle
 12000 | D:8      | Noticed a gargoyle
 12008 | D:8      | Killed a gargoyle
 12008 | D:8      | Reached skill level 1 in Shields
 12098 | D:8      | Noticed a gargoyle
 12102 | D:8      | Killed a gargoyle
 12102 | D:8      | Reached skill level 12 in Stealth
 12153 | D:8      | Noticed a gargoyle
 12155 | D:8      | Killed a gargoyle
 12160 | D:8      | Noticed a gargoyle
 12168 | D:8      | HP: 2/44 [gargoyle/+0 morningstar (1)]
 12170 | D:8      | Killed a gargoyle
 12661 | D:8      | Learned a level 3 spell: Vampiric Draining
 13069 | D:8      | Found a glowing golden altar of the Shining One.
 13302 | D:5      | Bought the +1 robe of the Iron City of Dis {rElec Str+4
                  | Int+3} for 378 gold pieces
 13439 | D:9      | Noticed an ice statue
 14764 | D:10     | Entered Level 10 of the Dungeon
 14792 | D:10     | Reached *** piety under Kikubaaqudgha
 14792 | D:10     | Identified Kikubaaqudgha's Disquisition on Darkness
                  | (Kikubaaqudgha gifted it to you on level 10 of the Dungeon)
 14792 | D:10     | Received a gift from Kikubaaqudgha
 14872 | D:10     | Noticed a six-headed hydra
 14874 | D:10     | Noticed a deep elf mage
 14875 | D:10     | Noticed a gargoyle
 15138 | D:10     | Slain by a six-headed hydra

Levels and vault maps discovered:
D:1:      lightli_iron_boxes, layout_loops_corners
D:2:      layout_loops_ring, okawaru_metal_pillars_1_2, lightli_temple_of_fire,
          serial_bayou_pond_b, minmay_tiny_reverse_x, uniq_terence
D:3:      layout_rooms, lemuel_round_altar, cheibriados_altar_1,
          nicolae_dithmenos_shadow_blocks
D:4:      minmay_diamond_boxcup, layout_loops_ring, marbit_many_paths,
          bloody_trog, fedhas_altar_4, first_ration, glass_columns_a
D:5:      layout_cave_pools, minmay_temple_entry_drinking_statues, serial_shops,
          nicolae_shop_behind_doors
D:6:      layout_rooms, kennysheep_mini_moat, uniq_pikel
D:7:      layout_rooms, old_standard_altar, minivault_5, grunt_ogre_cave,
          uniq_joseph, uniq_prince_ribbit1
D:8:      cheibrodos_statue_roulette, layout_loops_corners,
          nicolae_tso_swordbearing_angel, uniq_harold
D:9:      layout_gridville, mrwooster_statue_mirror, minmay_tree_intersection,
          minivault_15
D:10:     layout_grid_maze, minmay_chambers_of_fives
Temple:   minmay_freezing_vapour_temple

Skill      XL: |  1  2  3  4  5  6  7  8  9 10 |
---------------+-------------------------------+-----
Hexes          | 4 5 6 8 9 10 11 | 11.9
Stealth        | 5 6 7 8 10 11 12 | 12.5
Spellcasting   | 3 4 6 7 8 |  8.7
Necromancy     | 2 4 6 7 |  7.4
Shields        | 3 |  3.0
Short Blades   | |  1.1
Dodging        | |  3.0
Ice Magic      | |  0.1

Action                   |  1- 3 |  4- 6 |  7- 9 | 10-12 || total
-------------------------+-------+-------+-------+-------++-------
Melee: Dagger            |   198 |    92 |   327 |   106 ||   723
Throw: Dart              |       |       |     4 |       ||     4
 Cast: Ensorcelled Hiber |    25 |    45 |   104 |    34 ||   208
       Confuse           |       |     3 |    12 |    13 ||    28
       Tukima's Dance    |       |       |    10 |     3 ||    13
       Vampiric Draining |       |       |       |     3 ||     3
  Use: Scroll            |       |    12 |     4 |     4 ||    20
 Stab: Sleeping          |    30 |    38 |    70 |    34 ||   172
       Confused          |       |     2 |     8 |     6 ||    16
       Distracted        |       |       |     2 |       ||     2
  Eat: Ration            |       |     2 |     4 |     2 ||     8
Armor: Robe              |    30 |    11 |    52 |    13 ||   106
Dodge: Dodged            |   176 |    84 |   334 |    85 ||   679
Block: Buckler           |       |       |       |    10 ||    10

Table legend:
 A = Non-vault XP
 B = Vault XP
 C = Vault XP percentage of total XP
 D = Non-vault monster count
 E = Vault monster count
 F = Vault count percentage of total count
                 A         B        C        D         E       F
            +---------+---------+-------+---------+---------+-------
      Total |    6550 |    4373 |  40.0 |     207 |      21 |   9.2
            +---------+---------+-------+---------+---------+-------
        D:1 |      48 |       0 |   0.0 |      25 |       0 |   0.0
        D:2 |      54 |       9 |  14.3 |      19 |       5 |  20.8
        D:3 |     116 |       0 |   0.0 |      24 |       0 |   0.0
        D:4 |     627 |      61 |   8.9 |      26 |       5 |  16.1
        D:5 |     639 |     607 |  48.7 |      18 |       1 |   5.3
        D:6 |     114 |       0 |   0.0 |      11 |       0 |   0.0
        D:7 |    1691 |     823 |  32.7 |      35 |       3 |   7.9
        D:8 |     926 |    2746 |  74.8 |      21 |       6 |  22.2
        D:9 |    2242 |       0 |   0.0 |      27 |       0 |   0.0
       D:10 |      93 |     127 |  57.7 |       1 |       1 |  50.0
            +---------+---------+-------+---------+---------+-------
